 Dungeon Crawl Stone Soup version 0.15-a0-2254-ga39016e (webtiles) character file.

326 Econoterrorist the Twirler (level 6, -1/35 HPs)
             Began as a Gargoyle Gladiator on July 27, 2014.
             Killed from afar by Dowan (16 damage)
             ... with a stone arrow
             ... on Level 4 of the Dungeon.
             The game lasted 00:10:19 (3224 turns).

Econoterrorist the Twirler (Gargoyle Gladiator)     Turns: 3224, Time: 00:10:19

HP  -1/35        AC 10     Str 18      XL: 6   Next: 49%
MP   6/6         EV 15     Int 11      God:
Gold 119         SH  0     Dex 15      Spells:  0 memorised,  5 levels left

rFire  . . .     SeeInvis .     a - +0 quarterstaff
rCold  + . .     Clarity  .     g - +0 ring mail
rNeg   + . .     rCorr    .     (no shield)
rPois  +         rRot     +     c - +0 helmet
rElec  +         Spirit   .     (no cloak)
SustAb .         Warding  .     (no gloves)
rMut   .         Stasis   .     (no boots)
Gourm  +                        i - amulet of the gourmand
MR     .....                    (no ring)
                                r - ring of protection from cold

@: agile, not resistant to hostile enchantments, unstealthy
A: negative energy resistance 1, electricity resistance, unbreathing,
petrification resistance, rot immunity, AC +4
a: no special abilities


You were on level 4 of the Dungeon.
You were not hungry.

You visited 1 branch of the dungeon, and saw 4 of its levels.

You collected 133 gold pieces.
You spent 14 gold pieces at shops.

Inventory:

Hand weapons
 a - a +0 quarterstaff (weapon)
Missiles
 d - a throwing net (quivered)
Armour
 c - a +0 helmet (worn)
 g - a +0 ring mail (worn)
Comestibles
 f - 2 bread rations
 h - 3 meat rations
Scrolls
 e - 3 scrolls of identify {unknown}
 l - 2 scrolls of remove curse {unknown}
 n - a scroll of teleportation {unknown}
Jewellery
 i - an amulet of the gourmand (around neck)
 r - a ring of protection from cold (left hand)
Potions
 b - a potion of berserk rage
 j - a potion of agility
 k - a potion of heal wounds {unknown}
 m - a potion of lignification {unknown}
 p - a potion of curing
 q - a potion of restore abilities {unknown}


   Skills:
 - Level 2.1 Fighting
 + Level 7.1 Staves
 - Level 2.0 Throwing
 - Level 2.4 Dodging


You had 5 spell levels left.
You didn't know any spells.

Dungeon Overview and Level Annotations

Branches:
Dungeon (4/15)
 Temple: D:4-7

Altars:
Makhleb
Nemelex Xobeh
Qazlal

Shops:
D:4 !

Annotations:
D:4 Dowan


Innate Abilities, Weirdness & Mutations

You are resistant to torment.
You are immune to poison.
Your stone body is very resilient (AC +4).
You resist negative energy.
You are resistant to electric shocks.
You can survive without breathing.
You are immune to petrification.
You are immune to rotting.


Message History

You feel agile all of a sudden.
It was a potion of agility.
You hear the rapid hiss of an avalanche of sand, a long way away.
Dowan casts a spell at you. The stone arrow misses you.
Drink which item? (? for menu, Esc to quit)
You feel better.
It was a potion of curing.
You're too terrified to move while being watched!
You're too terrified to move while being watched!
Dowan casts a spell.
Dowan blinks!
Dowan gestures wildly while chanting.
Dowan blinks!
You stop sporulating.
Your +0 quarterstaff unmelds from your body.
Your +0 helmet unmelds from your body.
Your +0 ring mail unmelds from your body.
Dowan points at you and mumbles some strange words.
The stone arrow hits you!
You die...

.. ######'##
#.......# #.......#
#.......# #.....).#
.#.......#
....#.......#
.....#...@...#
......#...e...#
#......#.......#
#......#.......#
#......#..)....#
#......#.......#
#..............#
#......##......#
#####+#..###'###..#


You could see Dowan.

Vanquished Creatures
  The ghost of sargx the Chopper, an average VSBe of Trog (D:3)
  Duvessa (D:4)
  An orc wizard (D:3)
  2 adders
  7 gnolls
  3 orcs (D:3)
  3 giant cockroaches
  3 goblins
  6 hobgoblins
  3 jackals (D:2)
  A ball python (D:3)
  3 bats
  2 giant geckos (D:3)
  5 giant newts
  6 kobolds
  2 quokkas (D:3)
  5 rats
54 creatures vanquished.

Vanquished Creatures (others)
  An orc wizard (D:3)
1 creature vanquished.

Grand Total: 55 creatures vanquished

Notes
Turn   | Place    | Note
--------------------------------------------------------------
     0 | D:1      | Econoterrorist, the Gargoyle Gladiator, began the quest for the Orb.
     0 | D:1      | Reached XP level 1. HP: 12/12 MP: 1/1
    82 | D:1      | Reached XP level 2. HP: 14/17 MP: 2/2
   925 | D:2      | Reached skill level 4 in Staves
   925 | D:2      | Reached XP level 3. HP: 21/21 MP: 3/3
  1168 | D:2      | Reached XP level 4. HP: 26/26 MP: 4/4
  1739 | D:3      | Found a sparkling altar of Nemelex Xobeh.
  1765 | D:3      | Reached skill level 5 in Staves
  2302 | D:3      | Reached XP level 5. HP: 24/30 MP: 5/5
  2621 | D:3      | Found a burning altar of Makhleb.
  2666 | D:3      | Noticed sargx's ghost (average VSBe)
  2674 | D:3      | Killed sargx's ghost
  2674 | D:3      | Reached skill level 6 in Staves
  2674 | D:3      | Reached XP level 6. HP: 31/35 MP: 6/6
  2720 | D:3      | Found a stormy altar of Qazlal.
  3170 | D:4      | Found Pluxtaf's Distillery.
  3175 | D:4      | Bought a potion of confusion for 14 gold pieces
  3186 | D:4      | Noticed Dowan
  3189 | D:4      | Noticed Duvessa
  3209 | D:4      | Killed Duvessa
  3209 | D:4      | Reached skill level 7 in Staves
  3224 | D:4      | Killed from afar by Dowan

Action                   |  1- 3 |  4- 6 || total
-------------------------+-------+-------++-------
Melee: Quarterstaff      |    60 |   120 ||   180
       Unarmed           |       |     8 ||     8
Throw: Throwing net      |     1 |     1 ||     2
  Use: Potion            |       |     4 ||     4
  Eat: Chunk             |       |     7 ||     7
       Pizza             |       |     1 ||     1
       Royal jelly       |       |     1 ||     1
